 Dungeon Crawl Stone Soup version 0.31.0-9-g3a7656b989 (webtiles) character file.

Game seed: 17127345479168055842

8 Colgate the Poker (level 2, 24/24 HPs)
             Began as a Demonspawn Cinder Acolyte on Jan 30, 2024.
             Was a High Priest of Ignis.
             Quit the game on level 1 of the Dungeon.
             The game lasted 00:00:21 (69 turns).

Colgate the Poker (Demonspawn Cinder Acolyte)         Turns: 69, Time: 00:00:21

Health: 24/24      AC: 12    Str: 14    XL:     2   Next: 0%
Magic:  3/3        EV: 10    Int: 14    God:    Ignis [*****.]
Gold:   14         SH:  0    Dex:  8    Spells: 3/3 levels left

rFire   + . .        a - -1 spear (flame)
rCold   . . .        (no shield)
rNeg    . . .        c - +0 ring mail
rPois   .            (no helmet)
rElec   .            (no cloak)
rCorr   .            (no gloves)
SInv    .            (no boots)
Will    .....        (no amulet) Stlth
                     (no ring)
HPRegen 0.24/turn    (no ring)
MPRegen 0.08/turn

%: no passive effects
@: fiery-armoured
A: demonic touch 1
a: Renounce Religion, Fiery Armour, Foxfire Swarm, Rising Flame


You were on level 1 of the Dungeon.
You worshipped Ignis.
Ignis was extremely pleased with you.
You visited 1 branch of the dungeon, and saw 1 of its levels.

You collected 14 gold pieces.

Inventory:

Hand Weapons
 a - a -1 spear of flaming (weapon)
Armour
 b - a +0 robe
 c - a +0 ring mail (worn)
Scrolls
 d - a scroll of enchant weapon {unknown}


   Skills:
 - Level 3.0 Fighting
 + Level 3.2 Polearms
 - Level 1.0 Spellcasting
 - Level 2.6 Fire Magic


You had 3 spell levels left.
You didn't know any spells.
Your spell library contained the following spells:

 Spells                   Type           Power      Damage    Failure   Level
 Scorch                   Fire           16%        2d5       26%         2


Dungeon Overview and Level Annotations

Branches:
Dungeon (1/15)

Altars:


Innate Abilities, Weirdness & Mutations

Your touch may inflict minor irresistible damage on your foes.


Message History

You see here a staff of air.
No target in view!
You now have 14 gold pieces.
A goblin and a jackal come into view.
Found 15 gold pieces.
The jackal barks! x2
A jackal comes into view. x2
The jackal barks! x2
There are monsters nearby!
You reach to attack!
You hit the jackal. You burn the jackal.
You kill the jackal!
There are monsters nearby!
You reach to attack!
You barely miss the jackal.
There are monsters nearby!
You closely miss the jackal. The jackal barely misses you.
There are monsters nearby!
You hit the goblin but do no damage. The goblin hits you but does no damage.
The goblin is burned by your cloak of flames.
You kill the goblin!
The jackal bites you but does no damage.
The jackal is burned by your cloak of flames.
The jackal closely misses you.
Your Polearms skill increases to level 3!
There are monsters nearby!
You hit the jackal. You burn the jackal.
You kill the jackal!
The jackal barely misses you. x2
There are monsters nearby!
You hit the jackal. You burn the jackal. The jackal closely misses you.
The jackal bites you but does no damage.
The jackal is burned by your cloak of flames.
You kill the jackal!
The jackal misses you.
A jackal is nearby!
You hit the jackal. You burn the jackal.
You kill the jackal!
You have reached level 2!
Your demonic ancestry asserts itself...
Your hands begin to faintly glow with unholy energy.
Are you sure you want to abandon this character and quit the game? (Confirm with "yes".)

## .. #### #..###
#<.######....##
#..#......# ..# #
#..#......##..##
..####..#.......#)..#
.....##'#.......@.#
#.......#.......#$†.....
###+#.....|.....##......
#+#.........# .##.$#
###......## . ..
#..........## .
##.....###.# ..(#####
#####


There were no monsters in sight!

Vanquished Creatures
  An endoplasm (D:1)
  4 jackals (D:1)
  A goblin (D:1)
  A rat (D:1)
7 creatures vanquished.

Notes
Turn   | Place    | Note
-------+----------+-------------------------------------------
     0 | D:1      | Colgate the Demonspawn Cinder Acolyte began the quest for
                  | the Orb.
     0 | D:1      | Reached XP level 1. HP: 18/18 MP: 2/2
    69 | D:1      | Gained mutation: Your touch may inflict minor irresistible
                  | damage on your foes. [demonic ancestry]
    69 | D:1      | Reached XP level 2. HP: 24/24 MP: 3/3
    69 | D:1      | Quit the game

Illustrated notes

Levels and vault maps discovered:
D:1:      dpeg_arrival_short_road, layout_rooms

Skill      XL: |  1 |
---------------+----+-----
Polearms       | 3 |  3.2
Fighting       | |  3.0
Spellcasting   | |  1.0
Fire Magic     | |  2.6

Action                     || total
---------------------------++-------
  Melee: Spear             ||    13
 Invoke: Fiery Armour      ||     1
 Armour: Ring mail         ||     3
         Robe              ||     2
  Dodge: Dodged            ||     7
